 Dungeon Crawl Stone Soup version 0.31-a0-237-g2d982f9f85 (webtiles) character file.

Game seed: 8872769822364580677

104 qw the Shooter (level 4, 0/36 HPs)
             Began as a Minotaur Hexslinger on July 10, 2023.
             Slain by an orc wizard
             ... wielding a +0 dagger
              (3 damage)
             ... on level 3 of the Dungeon.
             The game lasted 00:00:30 (1177 turns).

qw the Shooter (Minotaur Hexslinger)                Turns: 1177, Time: 00:00:31

Health: 0/36       AC:  3    Str: 12    XL:     4   Next: 52%
Magic:  4/4        EV: 12    Int: 10    God:
Gold:   92         SH:  0    Dex: 15    Spells: 4/5 levels left

rFire   . . .        Y - +1 sling
rCold   . . .        (no shield)
rNeg    . . .        b - +0 leather armour
rPois   .            (helmet restricted)
rElec   .            (no cloak)
rCorr   .            (no gloves)
SInv    .            (no boots)
Will    .....        (no amulet)
Stlth   +            (no ring)
HPRegen 0.26/turn    (no ring)
MPRegen 0.09/turn

%: no passive effects
@: no status effects
A: horns 2, retaliatory headbutt
a: no special abilities


You were on level 3 of the Dungeon.
You visited 1 branch of the dungeon, and saw 4 of its levels.

You collected 92 gold pieces.


Innate Abilities, Weirdness & Mutations

You have a pair of horns on your head.
You reflexively headbutt those who attack you in melee.


   Skills:
 + Level 2.3 Fighting
 - Level 5.0 Ranged Weapons
 - Level 2.1 Dodging
 - Level 1.0 Spellcasting
 - Level 2.0 Hexes


You had 4 spell levels left.
You knew the following spells:

 Your Spells              Type           Power      Damage    Failure   Level
a - Slow                  Hex            16%        N/A       19%         1

Your spell library contained the following spells:

 Spells                   Type           Power      Damage    Failure   Level
 Inner Flame              Hex/Fire       2%         N/A       65%         3
 Portal Projectile        Hex/Tloc       4%         N/A       65%         3
 Cause Fear               Hex            2%         N/A       88%         4

Inventory:

Hand Weapons
 Y - a +1 sling (weapon)
Armour
 b - a +0 leather armour (worn)
Potions
 d - a potion of degeneration {unknown}
 e - a potion of cancellation {unknown}
 f - a potion of heal wounds {unknown}
 g - a potion of haste {unknown}

Dungeon Overview and Level Annotations

Branches:
Dungeon (4/15)
 Temple: D:4-7

Altars:
Ashenzari


Message History

An orc wizard is wielding a +0 dagger and wearing a +1 robe of willpower.
The orc wizard shouts!
An orc comes into view. It is wielding a +0 short sword.
You shoot a sling bullet. The sling bullet barely misses the orc.
The orc shouts!
The orc wizard shouts!
You shoot a sling bullet.
The sling bullet hits the orc but does no damage.
You shoot a sling bullet. The sling bullet hits the orc.
The orc is lightly wounded.
You shoot a sling bullet. The sling bullet hits the orc.
The orc is moderately wounded.
You shoot a sling bullet. The sling bullet hits the orc!
You kill the orc!
The orc wizard gestures wildly while chanting.
The orc wizard flickers and vanishes!
Deactivating autopickup; reactivate with Ctrl-A.
The orc wizard points at you and mumbles some strange words.
The puff of flame hits you!
You shoot a sling bullet. The sling bullet hits the orc wizard.
The orc wizard is lightly wounded.
You shoot a sling bullet.
The sling bullet hits the orc wizard but does no damage.
The orc wizard is lightly wounded.
The orc wizard casts a spell.
The orc wizard flickers and vanishes!
You shoot a sling bullet. Something hits you.
You shoot a sling bullet. Something hits you. Something barely misses you.
You shoot a sling bullet. Something hits you.
Something hits you but does no damage.
You shoot a sling bullet.
Something hits you. x2; Something barely misses you.
Something hits you.
You shoot a sling bullet. Something hits you. x2
You shoot a sling bullet. Something hits you. x2
You shoot a sling bullet. Something hits you. x2
You die...

... #.# ... #
#.# #. #.#
##.###.###
....+.....{{.#
..........@..#
....~~~~~~~..#
#..~~~~~~....#
+..~~_....8..#
#..~~~~~~...##
#[..~~~~~~~.#
#..........#
#...#..#####
#.#..#.#


There were no monsters in sight!

Vanquished Creatures
  A howler monkey (D:4)
  An adder (D:4)
  2 dart slugs (D:4)
  5 orcs
  3 bats (D:1)
  6 endoplasms
  A giant cockroach (D:1)
  2 goblins (D:1)
  A hobgoblin (D:1)
  4 jackals (D:2)
  2 quokkas (D:1)
  6 ball pythons
  4 frilled lizards
  4 kobolds
  4 rats (D:1)
46 creatures vanquished.

Notes
Turn   | Place    | Note
-------+----------+-------------------------------------------
     0 | D:1      | qw the Minotaur Hexslinger began the quest for the Orb.
     0 | D:1      | Reached XP level 1. HP: 16/16 MP: 1/1
     0 | D:1      | 0 ||| qw: Version: 0.3-a-52-g30416fa
     0 | D:1      | 0 ||| qw: Game counter: 5235
     0 | D:1      | 0 ||| qw: Melee chars always use a shield: true
     0 | D:1      | 0 ||| qw: God list: Okawaru
     0 | D:1      | 0 ||| qw: Allow faded altars: false
     0 | D:1      | 0 ||| qw: Do Orc after clearing Dungeon:15 true
     0 | D:1      | 0 ||| qw: Do second Lair branch before Depths: true
     0 | D:1      | 0 ||| qw: Lair rune preference: random
     0 | D:1      | 0 ||| qw: Goals: Normal
     0 | D:1      | 0 ||| PLANNING D:1-11
   173 | D:1      | Reached skill level 3 in Ranged Weapons
   174 | D:1      | Reached XP level 2. HP: 23/23 MP: 2/2
   608 | D:1      | Reached XP level 3. HP: 29/29 MP: 3/3
   627 | D:1      | 627 ||| READING scroll labelled WIOLAV XODOSHROSE.
   628 | D:1      | 628 ||| READING scroll labelled IKONAL WAX BAJ.
   629 | D:1      | 629 ||| READING scroll labelled LENYGR PIUTAGU.
   633 | D:1      | 633 ||| DROPPING scroll of poison.
   724 | D:2      | You fall into a shaft and drop 2 floors!
   862 | D:4      | Reached skill level 4 in Ranged Weapons
   862 | D:4      | Reached XP level 4. HP: 33/36 MP: 4/4
   900 | D:4      | Reached skill level 5 in Ranged Weapons
  1132 | D:4      | 1132 ||| UPGRADING to +0 leather armour.
  1142 | D:4      | 1142 ||| DROPPING +0 robe.
  1143 | D:4      | 1143 ||| READING scroll labelled UMA UMETRADI.
  1150 | D:3      | Found a broken altar of Ashenzari.
  1176 | D:3      | HP: 8/36 [something (2)]
  1177 | D:3      | HP: 3/36 [something (4)]
  1177 | D:3      | Slain by an orc wizard

Levels and vault maps discovered:
D:1:      matt_arrival_grand_opening, layout_basic
D:2:      layout_basic, minmay_stone_trees_small, uniq_terence
D:3:      wad_river_or_something, layout_basic, mainiacjoe_overflow_catwalk,
          serial_forest, infiniplex_forest_end_double,
          infiniplex_forest_lined_room_, infiniplex_forest_corner_1,
          infiniplex_forest_straight_4, infiniplex_forest_clump_double,
          infiniplex_forest_corner_1
D:4:      layout_basic, dk_noncrumbling_2, minmay_manual_macuahuitl, uniq_robin

Skill      XL: |  1  2  3  4 |
---------------+-------------+-----
Ranged Weapons | 3 4 5 |  5.0
Fighting       | 2 |  2.3
Dodging        | |  2.1
Spellcasting   | |  1.0
Hexes          | |  2.0

Action                     |  1- 3 |  4- 6 || total
---------------------------+-------+-------++-------
   Fire: Sling             |    87 |    51 ||   138
    Use: Scroll            |     3 |     1 ||     4
 Armour: Robe              |     5 |     6 ||    11
         Leather armour    |       |     1 ||     1
  Dodge: Dodged            |    16 |    18 ||    34

Table legend:
 A = Non-vault XP
 B = Vault XP
 C = Vault XP percentage of total XP
 D = Non-vault monster count
 E = Vault monster count
 F = Vault count percentage of total count
                 A         B        C        D         E       F
            +---------+---------+-------+---------+---------+-------
      Total |      78 |      71 |  47.7 |      43 |       3 |   6.5
            +---------+---------+-------+---------+---------+-------
        D:1 |      43 |       0 |   0.0 |      28 |       0 |   0.0
        D:2 |      11 |       0 |   0.0 |       6 |       0 |   0.0
        D:3 |       3 |       0 |   0.0 |       1 |       0 |   0.0
        D:4 |      21 |      71 |  77.2 |       8 |       3 |  27.3
            +---------+---------+-------+---------+---------+-------
